 Dungeon Crawl Stone Soup version 0.30-a0-1018-g25214051b3 (webtiles) character file.

Game seed: 12097981404211072608

1470 holysushi the Nimble (level 8, 0/59 HPs)
             Began as a Barachi Monk on Apr 7, 2023.
             Killed from afar by a white imp (12 damage)
             ... with a puff of frost
             ... on level 6 of the Dungeon.
             The game lasted 00:08:20 (4484 turns).

holysushi the Nimble (Barachi Monk)                 Turns: 4484, Time: 00:08:21

Health: 0/59       AC: -7    Str: 13    XL:     8   Next: 78%
Magic:  8/8        EV: 16    Int: 11    God:
Gold:   324        SH:  0    Dex: 16    Spells: 7/7 levels left

rFire   . . .      SeeInvis .    x - +1 dagger (elec)
rCold   . . .      Faith    .    (no shield)
rNeg    . . .      Spirit   .    A - +3 leather armour
rPois   .          Reflect  .    s - +0 helmet
rElec   .          Rampage  .    o - +2 cloak
rCorr   .                        (no gloves)
Will    .....                    y - +1 pair of boots
Stlth   ++                       (no amulet)
HPRegen 0.29/turn                (no ring)
MPRegen 0.11/turn                (no ring)

@: corroded, slow
A: amphibious, slowness 1, strong legs 1, +LOS
a: Hop


You were on level 6 of the Dungeon.
You visited 1 branch of the dungeon, and saw 6 of its levels.
You also visited: Ossuary.

You collected 324 gold pieces.

Inventory:

Hand Weapons
 a - a +2 dagger of venom
 b - a +3 dagger of speed
 c - a +0 short sword
 x - a +1 dagger of electrocution (weapon)
 z - a +0 rapier
Missiles
 q - 2 throwing nets
Armour
 i - a +0 robe
 o - a +2 cloak (worn)
 s - a +0 helmet (worn)
 y - a +1 pair of boots (worn)
 A - a +3 leather armour (worn)
Jewellery
 m - a ring of protection from cold
 E - a ring of willpower
 F - a ring of flight
Wands
 w - a wand of flame (7)
Scrolls
 e - a scroll of blinking {unknown}
 f - a scroll of amnesia {unknown}
 h - 3 scrolls of noise {unknown}
 l - 2 scrolls of poison {unknown}
 n - a scroll of enchant weapon {unknown}
 p - 4 scrolls of teleportation {unknown}
 r - a scroll of fear {unknown}
 t - a scroll of magic mapping {unknown}
 B - 5 scrolls of identify {unknown}
 H - a scroll of fog {unknown}
Potions
 d - 2 potions of degeneration {unknown}
 g - 4 potions of heal wounds {unknown}
 j - 2 potions of mutation {unknown}
 k - 3 potions of curing
 u - a potion of cancellation {unknown}
 v - a potion of magic
 C - a potion of flight
 D - a potion of berserk rage {unknown}
 G - 2 potions of resistance {unknown}
 I - a potion of lignification {unknown}
 J - a potion of might {unknown}


   Skills:
 - Level 3.6 Fighting
 + Level 8.7 Short Blades
 - Level 2.0 Armour
 - Level 8.8 Dodging
 - Level 1.7 Stealth


You had 7 spell levels left.
You didn't know any spells.
Your spell library contained the following spells:

 Spells                   Type           Power      Damage    Failure   Level
 Blink                    Tloc           0%         N/A       56%         2
 Lesser Beckoning         Tloc           0%         N/A       56%         2
 Momentum Strike          Conj/Tloc      0%         3d8       56%         2


Dungeon Overview and Level Annotations

Branches:
Dungeon (6/15) Zot: 26913 Ossuary (visited)
 Temple: D:4-7

Altars:
Dithmenos
Fedhas
Qazlal
Uskayaw
Vehumet
Xom


Innate Abilities, Weirdness & Mutations

You are amphibious.
You cover ground slowly.
You can hop short distances.
You have an extended range of vision and can be seen from far away.


Message History

* * * LOW HITPOINT WARNING * * *
The jelly is almost dead.
You hear a shout!
The jelly misses you. The white imp completely misses you.
You feel better. The white imp hits you.
* * * LOW HITPOINT WARNING * * *
The white imp freezes you.
* * * LOW HITPOINT WARNING * * *
The jelly closely misses you.
You feel better. The white imp misses you. The jelly completely misses you.
An orc comes into view. It is wielding a +0 club.
You feel better. The white imp gestures at you. The puff of frost misses you.
The orc hits you with a +0 whip. The jelly hits you.
You are splashed with acid!
* * * LOW HITPOINT WARNING * * *
You completely miss the jelly.
The jelly is almost dead.
You hit the jelly but do no damage. The acid corrodes you!
Your hands burn!
* * * LOW HITPOINT WARNING * * *
The jelly is almost dead.
The white imp hits you.
* * * LOW HITPOINT WARNING * * *
The white imp freezes you.
* * * LOW HITPOINT WARNING * * *
The orc closely misses you. The jelly closely misses you.
You hit the jelly but do no damage. Lightning courses through the jelly!
You kill the jelly!
You feel better. The white imp gestures at you. The puff of frost misses you.
The orc misses you.
You feel better. The white imp hits you. The white imp freezes you.
* * * LOW HITPOINT WARNING * * *
The orc hits you with a +0 whip.
* * * LOW HITPOINT WARNING * * *
You hit the orc.
The orc is lightly wounded.
The white imp gestures at you. The puff of frost hits you!
You die...

#..# #....###+##
#... #..†......#
##..##.........#
+..............#
##.#...........#
##..........#
##o............
##o5###..........
#.@#..#.....#####
#....)#..#....##
##....#..#.....#
#.....#..#.......
#......#'##....8..
...#....#o.
....#....#5. ###
#....#.. .>...#


You could see a white imp and 2 orcs.

Vanquished Creatures
  A wraith (Ossuary)
  Eustachio (D:4)
  2 black bears
  An ogre (D:4)
  A phantom (D:4)
  2 water moccasin zombies (Ossuary)
  A scorpion (Ossuary)
  A howler monkey (D:5)
  A bullfrog zombie (Ossuary)
  3 centaur zombies (Ossuary)
  2 hounds
  A jelly (D:6)
  2 scorpion zombies (Ossuary)
  Ijyb (D:4)
  4 orc wizards
  An ogre zombie (Ossuary)
  3 gnolls (D:4)
  10 adders
  3 adder zombies (Ossuary)
  A worm (D:2)
  3 dart slugs
  9 orcs
  3 ball pythons
  A bat (D:2)
  11 endoplasms
  2 giant cockroaches
  5 goblins
  5 hobgoblins
  2 quokkas
  5 frilled lizards
  4 gnoll zombies (Ossuary)
  4 goblin zombies (Ossuary)
  4 hobgoblin zombies (Ossuary)
  8 kobolds
  4 orc zombies (Ossuary)
  4 rats
116 creatures vanquished.

Vanquished Creatures (others)
  21 plants (D:5)
21 creatures vanquished.

Grand Total: 137 creatures vanquished

Notes
Turn   | Place    | Note
-------+----------+-------------------------------------------
     0 | D:1      | holysushi the Barachi Monk began the quest for the Orb.
     0 | D:1      | Reached XP level 1. HP: 18/18 MP: 1/1
   213 | D:1      | You fall into a shaft and drop 1 floor!
   233 | D:2      | Reached XP level 2. HP: 12/24 MP: 2/2
   439 | D:2      | Reached XP level 3. HP: 20/29 MP: 3/3
  1377 | D:3      | Reached XP level 4. HP: 30/36 MP: 4/4
  2043 | D:4      | Noticed a phantom
  2086 | D:4      | Killed a phantom
  2087 | D:4      | Reached skill level 5 in Dodging
  2087 | D:4      | Reached XP level 5. HP: 38/41 MP: 5/5
  2113 | D:4      | Found a sand-covered staircase.
  2119 | Ossuary  | Entered an ossuary
  2191 | Ossuary  | Reached XP level 6. HP: 20/47 MP: 6/6
  2551 | Ossuary  | Reached XP level 7. HP: 52/52 MP: 7/7
  2723 | Ossuary  | Noticed a wraith
  2780 | Ossuary  | Killed a wraith
  2781 | Ossuary  | Reached skill level 5 in Short Blades
  2781 | Ossuary  | Noticed a silent spectre
  2877 | D:4      | Noticed Ijyb
  2896 | D:4      | Killed Ijyb
  3010 | D:4      | Reached XP level 8. HP: 59/59 MP: 8/8
  3193 | D:4      | Noticed Eustachio
  3233 | D:4      | Killed Eustachio
  3285 | D:4      | Found a shimmering altar of Xom.
  3354 | D:4      | Found a stormy altar of Qazlal.
  3357 | D:4      | Noticed an air elemental
  3357 | D:4      | Noticed a water elemental
  3428 | D:4      | Found a hide-covered altar of Uskayaw.
  3652 | D:4      | Found a radiant altar of Vehumet.
  3709 | D:5      | Entered Level 5 of the Dungeon
  3724 | D:5      | Reached skill level 1 in Armour
  3804 | D:5      | Found a blossoming altar of Fedhas.
  4055 | D:5      | Found a shadowy altar of Dithmenos.
  4484 | D:6      | Killed from afar by a white imp

Illustrated notes

Levels and vault maps discovered:
D:1:      mrwooster_arrival_statue_2, layout_basic
D:2:      layout_basic
D:3:      layout_basic, serial_rivers, chequers_serial_rivers_room_a,
          chequers_serial_rivers_micro_c, chequers_serial_rivers_micro_a,
          chequers_serial_rivers_micro_e
D:4:      layout_basic, nicolae_qazlal_style_of_elements, xom_butterflies,
          mainiacjoe_overflow_alcove_4, general_overflow_altar,
          nicolae_ossuary_entry_plus, uniq_eustachio, uniq_ijyb
D:5:      layout_rooms, mainiacjoe_overflow_boulevard,
          mainiacjoe_overflow_brackets, serial_bayou, serial_bayou_shore_b,
          serial_bayou_ford_a, serial_bayou_lagoon_a, serial_bayou_pond_a,
          serial_bayou_pond_e, serial_bayou_lagoon_b
D:6:      layout_gridville, slow_altar_2, zin_statuary,
          lemuel_temple_firewalk_b, minmay_fractal_squares_gapless_5,
          uniq_crazy_yiuf_cottage

Skill      XL: |  1  2  3  4  5  6  7  8 |
---------------+-------------------------+-----
Short Blades   | 4 5 8 |  8.7
Dodging        | 4 5 6 7 8 |  8.8
Armour         | 2 |  2.0
Fighting       | |  3.6
Stealth        | |  1.7

Action                     |  1- 3 |  4- 6 |  7- 9 || total
---------------------------+-------+-------+-------++-------
  Melee: Short sword       |    77 |       |       ||    77
         Dagger            |    33 |   245 |   371 ||   649
         Punch             |       |     4 |     6 ||    10
Ability: Hop               |       |       |     1 ||     1
    Use: Potion            |     1 |       |     9 ||    10
   Stab: Sleeping          |     9 |       |     4 ||    13
 Armour: Robe              |     9 |    41 |    42 ||    92
         Leather armour    |       |       |    31 ||    31
  Dodge: Dodged            |    48 |   114 |   197 ||   359

Table legend: (Time is in decaauts)
 A = Elapsed time spent in this place.
 B = Non-inter-level travel time spent in this place.
 C = Inter-level travel time spent in this place.
 D = Time resting spent in this place.
 E = Time spent auto-exploring this place.
 F = Levels seen in this place.
 G = Mean time per level.
                   A        B        C        D        E       F      G
               +--------+--------+--------+--------+--------+-----+--------+
         Total |   4715 |   4592 |    123 |    522 |   2555 |   7 |  673.6 |
       Dungeon |   4044 |   3921 |    123 |    332 |   2552 |   6 |  674.0 |
       Ossuary |    670 |    670 |      0 |    190 |      3 |   1 |  670.0 |
               +--------+--------+--------+--------+--------+-----+--------+

Top non-repeatable levels by time:
     D:2: 1145 daAuts
     D:4: 981 daAuts
     D:3: 876 daAuts
     D:5: 717 daAuts
 Ossuary: 670 daAuts
     D:1: 237 daAuts
     D:6: 85 daAuts
